 Seeded DCSS version 0.28-a0-823-gb444dcf96d (webtiles) character file.

Game seed: 99999 (custom seed)

5 a11behringer the Sneak (level 1, 0/18 HPs)
             Began as a Demigod Delver on Nov 10, 2021.
             Killed by nerve-wracking pain
             ... invoked by an orc priest
              (11 damage)
             ... on level 4 of the Dungeon.
             The game lasted 00:01:21 (98 turns).

a11behringer the Sneak (Demigod Delver)               Turns: 98, Time: 00:01:21

Health: 0/18       AC:  3    Str: 13    XL:     1   Next: 53%
Magic:  3/3        EV: 12    Int: 12    God:
Gold:   17         SH:  0    Dex: 15    Spells: 0/0 levels left

rFire   . . .      SeeInvis .   a - +0 falchion
rCold   . . .      Faith    .   (no shield)
rNeg    . . .      Spirit   .   b - +0 leather armour
rPois   .          Reflect  .   (no helmet)
rElec   .          Harm     .   (no cloak)
rCorr   .          Rampage  .   (no gloves)
Will    .....                   (no boots)
Stlth   +++.......              (no amulet)
HPRegen 0.06/turn               (no ring)
MPRegen 0.08/turn               (no ring)

@: no status effects
A: high mp 1, forlorn
a: no special abilities


You were on level 4 of the Dungeon.
You visited 1 branch of the dungeon, and saw 2 of its levels.

You collected 17 gold pieces.

Inventory:

Hand Weapons
 a - a +0 falchion (weapon)
Armour
 b - a +0 leather armour (worn)
Jewellery
 j - an amulet of the acrobat
 m - an amulet of guardian spirit
Wands
 g - a wand of digging (3)
Scrolls
 c - a scroll of fog
 d - a scroll of magic mapping
 e - a scroll of fear
 h - a scroll of amnesia {unknown}
 l - a scroll of identify {unknown}
Potions
 f - a potion of haste
 i - a potion of might {unknown}
 k - a potion of curing {unknown}


   Skills:
 + Level 2.6 Fighting
 + Level 1.7 Long Blades
 + Level 1.9 Dodging
 + Level 4.7 Stealth


You couldn't memorise any spells.
You didn't know any spells.
Your spell library was empty.

Dungeon Overview and Level Annotations

Branches:
Dungeon (5/15)
 Temple: D:4-7


Innate Abilities, Weirdness & Mutations

Your attributes grow dramatically as you level up.
You have an increased reservoir of magic. (+10% MP)
You shall have no god before yourself.


Message History

You hit the ball python.
You kill the ball python!
You see here a ball python corpse.
i - a sapphire potion
Found a glowing lapis lazuli amulet.
You now have 17 gold pieces.
Found a cyan potion.
A quokka comes into view.
Found a stone staircase leading down.
You see here an amulet of the acrobat.
j - an amulet of the acrobat
Found a scroll labelled JUREFR MISYOF.
k - a cyan potion A quokka is nearby!
You slash the quokka!
You kill the quokka!
Found a thin sapphire amulet.
Found 12 gold pieces.
Found a scroll of fog.
An endoplasm comes into view.
You see here a scroll labelled JUREFR MISYOF.
l - a scroll labelled JUREFR MISYOF The endoplasm quivers.
You see here an amulet of guardian spirit.
m - an amulet of guardian spirit The endoplasm jiggles.
An endoplasm is nearby!
Found 19 gold pieces.
Found a stone staircase leading up.
Found a stone staircase leading up.
Found an escape hatch in the ceiling.
Found a stone staircase leading down.
An orc, an orc priest and an orc wizard come into view.
Found a club.
The orc priest shouts!
You hear a bark!
Found a chain mail.
Found an escape hatch in the floor.
There is a stone staircase leading up here.
The orc priest mumbles some strange prayers to Beogh against you.
Pain shoots through your body!
Ouch! That really hurt!
You die...

.#######.....<.....##.
.......# .....>.....[.
.......# #..........#
.......# #....<....###
.#####.# #..#......>###
.## #.# #..$o........
..####.#####............
#............#.......##
..#.........J...@.....#
#.#..........#.........#
#.#...............####.#
#...........#.......
............#........
###.#..##.##...........
#............#######..#
............### ..#
..........#...#####


You could see an orc priest and an endoplasm.

Vanquished Creatures
  A ball python (D:4)
  A goblin (D:4)
  A hobgoblin (D:4)
  A quokka (D:4)
4 creatures vanquished.

Notes
Turn   | Place    | Note
-------+----------+-------------------------------------------
     0 | D:5      | a11behringer the Demigod Delver began the quest for the
                  | Orb.
     0 | D:5      | Reached XP level 1. HP: 18/18 MP: 3/3
     8 | D:4      | Noticed a bullfrog
    93 | D:4      | Noticed an orc priest
    93 | D:4      | Noticed an orc wizard
    98 | D:4      | Killed from afar by an orc priest

Illustrated notes

Levels and vault maps discovered:
D:4:      layout_rooms
D:5:      layout_gridville, nicolae_stop_n_shop_1,
          hangedman_decor_diamond_cutter, lemuel_flame_loot_1, uniq_menkaure

Action                   || total
-------------------------++-------
Melee: Falchion          ||     8
Armor: Leather armour    ||     2
Dodge: Dodged            ||    10

Table legend: (Time is in decaauts)
 A = Elapsed time spent in this place.
 B = Non-inter-level travel time spent in this place.
 C = Inter-level travel time spent in this place.
 D = Time resting spent in this place.
 E = Time spent auto-exploring this place.
 F = Levels seen in this place.
 G = Mean time per level.
                   A        B        C        D        E       F      G
               +--------+--------+--------+--------+--------+-----+--------+
         Total |     99 |     66 |     33 |      0 |      0 |   2 |   49.5 |
       Dungeon |     99 |     66 |     33 |      0 |      0 |   2 |   49.5 |
               +--------+--------+--------+--------+--------+-----+--------+

Top non-repeatable levels by time:
     D:4: 93 daAuts
     D:5: 6 daAuts
